Map: Blackpink LE

Players

DakkoN - Winner!

  • Race: Zerg Zerg
  • League: Master
  • Spawn Location: 7:00

NyKoN - Winner!

  • Race: Zerg Zerg
  • League: Platinum
  • Spawn Location: 1:00

I.A. 2 (Elite)

  • Race: Zerg Zerg

VOD

Have the link to the VOD?

Description

Time

  • Played on: March 2, 2018, 7:10 a.m.
  • Length: 4:20
Show
View Real Time Build Order
Export as new Build Order

DakkoN Zerg - Winner!

Build Orders: Pool First 

Get SALT Encoding   

  12  0:06  Drone  
  13  0:15  Overlord  
  13  0:17  Drone  
  14  0:33  Drone x2  
  16  0:38  Drone  
  17  0:47  Spawning Pool  
  16  0:50  Drone  
  16  0:53  Extractor  
  16  0:59  Drone  
  17  1:18  Hatchery  
  16  1:19  Drone  
  17  1:34  Zergling x4  
  17  1:38  Queen  
  21  1:45  Overlord  
  21  1:58  Zergling x2  
  22  2:01  Metabolic Boost  
  22  2:13  Zergling x2  
  23  2:15  Queen  
  23  2:20  Baneling Nest  
  24  2:23  Zergling x2  
  24  2:27  Zergling x2  
  26  2:30  Zergling x2  
  27  2:38  Zergling x2  
  27  2:40  Zergling x2  
  29  2:47  Zergling x4  
  29  2:48  Zergling x2  
  32  2:51  Zergling x2  
  32  2:58  Zergling x2  
  34  3:01  Zergling x2  
  34  3:04  Baneling x2  
  34  3:05  Baneling x2  
  35  3:11  Zergling x2  
  36  3:18  Overlord  
  36  3:40  Zergling x2  
  36  3:41  Zergling x10  
  39  3:57  Zergling x10  
Show
View Real Time Build Order
Export as new Build Order

NyKoN Zerg - Winner!

Build Orders: Pool First 

Get SALT Encoding   

  12  0:00  Drone  
  13  0:12  Overlord  
  13  0:17  Drone  
  14  0:30  Drone x2  
  16  0:44  Drone, Spawning Pool  
  16  0:49  Drone  
  17  1:12  Hatchery  
  17  1:13  Drone  
  17  1:17  Drone, Extractor  
  17  1:22  Drone  
  18  1:28  Drone  
  19  1:38  Overlord  
  19  1:49  Drone, Queen  
  22  1:58  Extractor  
  22  2:00  Zergling x2  
  22  2:10  Drone  
  23  2:21  Drone  
  24  2:24  Drone, Queen  
  27  2:32  Drone  
  27  2:35  Drone  
  29  2:45  Roach Warren  
  29  2:48  Drone  
  29  2:52  Drone  
  29  2:55  Zergling x2  
  29  2:58  Zergling x2  
  32  3:04  Overlord  
  32  3:08  Drone  
  32  3:11  Drone  
  34  3:26  Roach x2  
  38  3:27  Roach  
  38  3:28  Roach  
  38  3:33  Zergling x2  
  42  3:36  Overlord  
  42  3:39  Zergling x2  
  39  3:47  Drone  
  27  3:54  Drone  
  24  4:00  Drone  
Show
View Real Time Build Order
Export as new Build Order

I.A. 2 (Elite) Zerg 

Build Orders:  

Get SALT Encoding   

Tags
 
Add a new tag
Caveats
  • Supply blocks, unpowered buildings, or Contaminate may cause inaccurate times.
  • Supply counts are checked every 10 seconds.